 Dungeon Crawl Stone Soup version 0.27.0-1-g7a089689b8 (webtiles) character file.

Game seed: 16088362513192191701

112 bande the Shield-Bearer (level 4, -1/28 HPs)
             Began as a Gargoyle Fighter on Aug 12, 2021.
             Slain by a phantom (3 damage)
             ... on level 3 of the Dungeon on Aug 16, 2021.
             The game lasted 00:08:23 (2786 turns).

bande the Shield-Bearer (Gargoyle Fighter)          Turns: 2786, Time: 00:08:23

Health: -1/28      AC: 14    Str: 20    XL:     4   Next: 95%
Magic:  5/5        EV:  5    Int:  8    God:
Gold:   971        SH: 10    Dex: 10    Spells: 5/5 levels left

rFire    + . .     SeeInvis .   a - +0 war axe
rCold    + . .     Faith    .   c - +1 kite shield
rNeg     + . .     Spirit   .   f - +0 chain mail
rPois    ∞         Reflect  .   (no helmet)
rElec    +         Harm     .   j - scarf {rC+ rF+}
rCorr    .         Rampage  .   k - +0 pair of gloves
Will     .....                  (no boots)
Stlth    ..........             (no amulet)
HPRegen  0.09/turn              (no ring)
MPRegen  0.09/turn              (no ring)

@: mighty, brilliant, attractive, flying, studying Spellcasting
A: sickness immunity, AC +3, negative energy resistance 1, electricity
resistance, torment resistance 1, petrification resistance
a: no special abilities


You were on level 3 of the Dungeon.
You visited 1 branch of the dungeon, and saw 3 of its levels.

You collected 971 gold pieces.

Inventory:

Hand Weapons
 a - a +0 war axe (weapon)
 h - a +0 flail
Armour
 c - a +1 kite shield (worn)
 f - a +0 chain mail (worn)
 j - a scarf of resistance (worn)
 k - a +0 pair of gloves (worn)
Scrolls
 b - a scroll of blinking
 l - a scroll of magic mapping {unknown}
 m - 2 scrolls of identify {unknown}
 n - a scroll of acquirement
Potions
 d - a potion of might
 i - a potion of brilliance


   Skills:
 + Level 3.4 Fighting
 + Level 3.2 Axes
 + Level 3.9 Armour
 + Level 0.2 Stealth
 + Level 4.0 Shields
 * Level 1.3 Spellcasting


You had 5 spell levels left.
You didn't know any spells.
Your spell library contained the following spells:

 Spells                   Type           Power      Damage    Failure   Level
 Blink                    Tloc           N/A        N/A       100%        2
 Lesser Beckoning         Tloc           0%         N/A       100%        3
 Manifold Assault         Tloc           0%         N/A       100%        5


Dungeon Overview and Level Annotations

Branches:
Dungeon (3/15)

Altars:


Innate Abilities, Weirdness & Mutations

You are immune to sickness and miasma.
Your stone body is resilient. (AC +3)
You are immune to poison.
You resist negative energy. (rN+)
You are resistant to electric shocks. (rElec)
You are resistant to unholy torment.
You are immune to petrification.


Message History

The phantom is moderately damaged.
The phantom hits you but does no damage.
The phantom barely misses you.
You closely miss the phantom.
The phantom is moderately damaged.
The phantom barely misses you.
You hit the phantom.
The phantom is heavily damaged.
You block the phantom's attack. x2
You hit the phantom.
The phantom is severely damaged.
The phantom completely misses you.
You closely miss the phantom.
The phantom is severely damaged.
The phantom hits you but does no damage. x2
You barely miss the phantom.
The phantom is severely damaged.
The phantom hits you!
* * * LOW HITPOINT WARNING * * *
The phantom blinks!
You blink.
It was a potion of brilliance.
You feel clever all of a sudden. You block the phantom's attack.
It was a potion of flight.
You feel very buoyant.
You fly up into the air.
The phantom hits you but does no damage.
You block the adder's attack.
It was a potion of attraction.
You feel attractive to monsters. You block the adder's attack.
The phantom hits you but does no damage.
You feel very mighty all of a sudden. You block the adder's attack.
The phantom hits you but does no damage.
The adder bites you but does no damage.
You slash the phantom!
The phantom is almost destroyed.
You miss the adder. You block the adder's attack. The phantom hits you.
You die...

#.# #.## # #.# #..##
##### #####.# ##..##....
....#.## #......#
###....#########.#..#
###............##.####
#####......#####.......#
.......#####
#S##$##...... ####.#.#
#@W#.# ##... # #.#.#
##.#.# . #.#)## .#.#
#.#<.# #[#.# .. #.##.#
#.#.. .# #.##.# #.### .#
#.##.# #.# #.## #.# #
#.##.#### #.# #...###.#
####.##....# #.# #...#.#


You could see a phantom and an adder.

Vanquished Creatures
  Jessica (D:2)
  Ijyb (D:2)
  A shadow imp (D:3)
  An ufetubus (D:3)
  A worm (D:2)
  5 orcs (D:2)
  4 endoplasms
  A giant cockroach (D:2)
  8 goblins
  4 hobgoblins
  3 quokkas
  4 ball pythons
  3 bats
37 creatures vanquished.

Notes
Turn   | Place    | Note
-------+----------+-------------------------------------------
     0 | D:1      | bande the Gargoyle Fighter began the quest for the Orb.
     0 | D:1      | Reached XP level 1. HP: 14/14 MP: 1/1
   694 | D:1      | Reached XP level 2. HP: 19/19 MP: 2/2
   994 | D:2      | Identified 2 scrolls of acquirement
   994 | D:2      | Acquired a manual of Spellcasting
  1270 | D:2      | Noticed Jessica
  1274 | D:2      | Killed Jessica
  1275 | D:2      | Reached XP level 3. HP: 15/23 MP: 2/4
  2182 | D:3      | Reached skill level 1 in Spellcasting
  2288 | D:3      | Acquired a scarf of resistance
  2295 | D:3      | Reached XP level 4. HP: 23/28 MP: 5/5
  2309 | D:3      | Acquired 848 gold pieces
  2349 | D:3      | Noticed Ijyb
  2385 | D:2      | Killed Ijyb
  2509 | D:2      | Reached skill level 4 in Shields
  2762 | D:3      | Noticed a phantom
  2786 | D:3      | Slain by a phantom

Illustrated notes

Levels and vault maps discovered:
D:1:      evilmike_arrival_rings, layout_basic
D:2:      minmay_door_path, layout_basic, serial_rivers,
          chequers_serial_rivers_room_b, chequers_serial_rivers_micro_a,
          chequers_serial_rivers_room_a, chequers_serial_rivers_micro_e,
          chequers_serial_rivers_small_b, chequers_serial_rivers_marsh,
          uniq_jessica
D:3:      kennysheep_the_goblin_king, layout_rooms,
          nicolae_elyvilon_peaceful_grove, serial_glass, glass_columns_a,
          glass_columns_a, dilly_ecumenical_altar_fadedgnrine,
          grunt_ministairs_8

Skill      XL: |  1  2  3  4 |
---------------+-------------+-----
Axes           | 2 3 |  3.2
Spellcasting   | 1 |  1.3
Shields        | 4 |  4.0
Fighting       | |  3.4
Armour         | |  3.9
Stealth        | |  0.2

Action                   |  1- 3 |  4- 6 || total
-------------------------+-------+-------++-------
Melee: War axe           |    70 |    51 ||   121
  Use: Scroll            |     5 |     1 ||     6
       Potion            |       |     4 ||     4
Armor: Scale mail        |    28 |       ||    28
       Chain mail        |    23 |    41 ||    64
Dodge: Dodged            |    23 |    20 ||    43
Block: Kite shield       |    49 |    36 ||    85
